Map: Thunderbird LE

Players

Teo - Winner!

  • Race: Protoss Protoss
  • Spawn Location: 11:00

pHARM

  • Race: Zerg Zerg
  • League: Platinum
  • Spawn Location: 5:00

VOD

Have the link to the VOD?

Description

Time

  • Played on: Sept. 1, 2019, 7:25 p.m.
  • Length: 10:40
Show
View Real Time Build Order
Export as new Build Order

Teo Protoss - Winner!

Build Orders: 1 Gate Expand, Archon Immortal 

Get SALT Encoding   

  12  0:01  Probe  
  13  0:13  Probe  
  14  0:21  Pylon  
  14  0:25  Probe  
  15  0:35  Probe  
  16  0:43  Gateway, Probe  
  16  0:48  Assimilator  
  17  0:53  Probe  
  18  1:01  Probe  
  18  1:09  Probe  
  21  1:30  Nexus  
  20  1:35  Cybernetics Core  
  20  1:39  Probe  
  21  1:45  Assimilator  
  21  1:52  Probe  
  22  1:59  Pylon  
  22  2:04  Probe  
  23  2:09  Adept  
  23  2:20  Twilight Council  
  25  2:23  Probe  
  25  2:25  Warp Gate  
  26  2:35  Probe  
  27  2:39  Stalker  
  27  2:42  Probe  
  30  2:50  Probe  
  31  3:00  Probe  
  31  3:02  Robotics Facility  
  32  3:13  Probe  
  32  3:17  Probe  
  34  3:24  Probe  
  35  3:29  Probe  
  35  3:32  Probe  
  36  3:41  Immortal, Probe  
  38  3:43  Pylon  
  38  3:47  Stalker  
  40  3:48  Pylon  
  44  3:57  Gateway  
  44  3:58  Probe x2  
  44  4:00  Gateway  
  46  4:10  Probe x2  
  46  4:15  Shield Battery  
  48  4:18  Shield Battery  
  48  4:25  Probe x2  
  48  4:28  Immortal  
  50  4:37  Probe x2  
  56  4:40  Sentry  
  56  4:43  Assimilator  
  56  4:44  Charge  
  56  4:45  Assimilator  
  58  4:49  Probe x2  
  59  4:54  Sentry  
  59  4:59  Pylon  
  61  5:01  Probe  
  61  5:02  Shield Battery  
  61  5:03  Pylon  
  62  5:09  Gateway  
  62  5:17  Probe  
  62  5:20  Pylon  
  62  5:21  Immortal  
  67  5:38  Zealot  
  67  5:39  Zealot x2  
  67  5:40  Pylon  
  73  5:44  Nexus  
  73  5:46  Probe x2  
  75  6:01  Gateway  
  75  6:02  Gateway  
  75  6:05  Templar Archives  
  75  6:13  Shield Battery  
  75  6:15  Shield Battery  
  75  6:16  Probe x2  
  75  6:18  Pylon  
  77  6:25  Forge  
  77  6:28  Probe  
  77  6:29  Pylon  
  78  6:35  Psionic Storm  
  78  6:36  Probe, Protoss Ground Weapons Level 1  
  78  6:37  Zealot  
  78  6:38  Zealot x2  
  85  6:40  Probe  
  86  6:48  Gateway  
  86  6:50  Gateway, Probe  
  86  6:52  Probe  
  88  6:59  High Templar x2  
  88  7:00  High Templar  
  94  7:05  Probe x2  
  94  7:06  Probe  
  97  7:17  Assimilator  
  97  7:19  Assimilator  
  97  7:20  High Templar x3  
  103  7:25  Archon  
  103  7:31  Pylon  
  103  7:33  Pylon, Probe x3  
  103  7:35  Pylon  
  103  7:36  Immortal  
  110  7:48  Probe  
  110  7:49  Probe x2  
  110  7:50  Pylon  
  113  7:56  Stargate, Forge  
  113  7:57  Gateway  
  113  8:04  Zealot x5  
  123  8:10  Warp Prism  
  123  8:12  Probe x2  
  125  8:13  Probe  
  128  8:21  High Templar x2  
  128  8:22  High Templar  
  128  8:25  High Templar  
  136  8:27  Archon  
  136  8:29  Archon  
  136  8:35  Robotics Facility  
  136  8:37  Pylon  
  136  8:39  Observer  
  136  8:40  Zealot  
  136  8:41  Zealot x3  
  145  9:08  Photon Cannon  
  145  9:10  Photon Cannon  
  145  9:12  Photon Cannon x2  
  145  9:14  Photon Cannon  
  145  9:15  Fleet Beacon  
  145  9:23  Zealot x4  
  145  9:24  Zealot x3  
  101  9:51  Zealot x7  
  101  9:52  Zealot x2  
  109  10:14  Nexus  
  109  10:20  High Templar x6  
  109  10:21  High Templar x3  
  115  10:24  Archon x4  
Show
View Real Time Build Order
Export as new Build Order

pHARM Zerg 

Build Orders: Hatch First, Roach Hydra 

Get SALT Encoding   

  12  0:01  Drone  
  13  0:17  Overlord  
  13  0:19  Drone  
  14  0:35  Drone x2  
  16  0:51  Hatchery  
  15  0:57  Drone  
  15  0:58  Drone  
  15  1:00  Drone  
  18  1:15  Drone  
  18  1:18  Spawning Pool  
  18  1:25  Drone  
  19  1:38  Drone  
  20  1:44  Extractor  
  19  1:50  Drone  
  20  1:58  Overlord  
  20  2:09  Queen  
  20  2:10  Queen  
  20  2:12  Drone x2  
  26  2:24  Drone x2  
  26  2:27  Drone x2  
  30  2:45  Drone x2  
  32  2:57  Drone x3  
  35  3:00  Overlord  
  35  3:08  Lair  
  35  3:17  Evolution Chamber  
  35  3:18  Roach Warren  
  33  3:26  Drone x6  
  39  3:27  Evolution Chamber  
  39  3:29  Queen  
  40  3:43  Zerg Missile Weapons Level 1, Zergling x6  
  40  3:44  Zergling x2  
  44  3:51  Extractor  
  44  3:54  Overlord x3  
  44  3:55  Extractor  
  42  4:13  Glial Reconstitution  
  42  4:19  Drone x7  
  42  4:20  Drone  
  50  4:27  Hatchery  
  49  4:36  Zerg Ground Armor Level 1  
  49  4:39  Drone x2  
  51  4:59  Overlord x2  
  51  5:03  Roach x4  
  51  5:06  Overlord  
  51  5:07  Overlord  
  59  5:20  Roach x2  
  59  5:21  Roach  
  65  5:26  Roach  
  67  5:40  Roach x6  
  79  5:49  Roach x3  
  81  6:13  Zerg Missile Weapons Level 2  
  81  6:14  Hydralisk Den  
  81  6:16  Overlord x2  
  81  6:17  Drone  
  81  6:18  Drone x9  
  90  6:36  Drone  
  91  6:48  Zerg Ground Armor Level 2  
  91  6:53  Grooved Spines, Extractor  
  90  7:02  Extractor, Drone x9  
  90  7:03  Extractor  
  90  7:05  Hydralisk x2  
  101  7:08  Overlord x3  
  101  7:09  Overlord x2  
  101  7:10  Drone x4  
  105  7:28  Hatchery  
  104  7:32  Drone  
  104  7:33  Hydralisk  
  104  7:34  Hydralisk x4  
  115  7:49  Infestation Pit  
  114  7:52  Overlord x4  
  114  8:04  Muscular Augments  
  114  8:05  Spire  
  113  8:06  Hydralisk x4  
  121  8:16  Drone x2  
  121  8:17  Drone x10  
  133  8:37  Hive  
  133  8:54  Hydralisk x12  
  133  8:55  Hydralisk  
  159  9:12  Hydralisk  
  159  9:13  Hydralisk x4  
  159  9:14  Hydralisk  
  159  9:16  Zergling x2  
  159  9:17  Zergling x10  
  166  9:39  Hydralisk x5  
  166  9:40  Hydralisk x3  
  125  9:48  Hydralisk x3  
  125  9:51  Hydralisk  
  103  9:53  Zergling x16  
  109  10:03  Hydralisk x4  
  109  10:04  Zergling x2  
  109  10:05  Zergling x8  
  118  10:15  Hydralisk x3  
Tags
 
Add a new tag
Caveats
  • Supply blocks, unpowered buildings, or Contaminate may cause inaccurate times.
  • Supply counts are checked every 10 seconds.